 Dungeon Crawl Stone Soup version 0.21.1-1-g345015f (webtiles) character file.

54638 tidbits the Thaumaturge (level 14, -4/108 HPs)
             Began as a Gnoll Ice Elementalist on Mar 24, 2018.
             Was a Priest of Cheibriados.
             Killed from afar by a blizzard demon (6 damage)
             ... with a bolt of lightning
             ... summoned by a deep elf demonologist
             ... on level 3 of the Elven Halls.
             The game lasted 01:50:22 (5235 turns).

tidbits the Thaumaturge (Gnoll Ice Elementalist)    Turns: 5235, Time: 01:50:23

Health: -4/108     AC: 16    Str: 32    XL:     14   Next: 73%
Magic:  3/28       EV: 23    Int: 25    God:    Cheibriados [***...]
Gold:   514        SH: 15    Dex: 23    Spells: 5/34 levels left

rFire    . . .     SeeInvis .   b - +10 zealot's sword {holy, *Rage rN+ EV+3}
rCold    + + .     Gourm    .   D - +1 shield {rC+}
rNeg     + . .     Faith    .   B - +1 troll leather armour
rPois    +         Spirit   .   E - +2 helmet
rElec    +         Reflect  .   C - +2 cloak {rPois}
rCorr    .         Harm     .   G - +0 pair of gloves
MR       +....     Rnd*Rage +   F - +1 pair of boots
Stlth    ++++++....             R - amulet of regeneration
HPRegen  1.08/turn              s - ring of protection from cold
MPRegen  0.21/turn              S - ring of Brawl {+Fly rElec Str+9 Int-5 Stlth+}

@: mighty, berserk cooldown, slowed, very slow
A: distributed training, fangs 1, talons 1, deformed body, shaggy fur 1, weak 1,
strong nose
a: Bend Time, Temporal Distortion, Renounce Religion, Evoke Flight


You were on level 3 of the Elven Halls.
You worshipped Cheibriados.
Cheibriados was most pleased with you.
You were full.

You visited 3 branches of the dungeon, and saw 19 of its levels.
You also visited: Labyrinth and Sewer.

You collected 4308 gold pieces.
You spent 3794 gold pieces at shops.

Inventory:

Hand Weapons
 a - a +2 dagger of venom
   (You took it off an orc priest on level 2 of the Orcish Mines)
 b - the +10 zealot's sword (weapon) {holy, *Rage rN+ EV+3}
   (You found it in a labyrinth)

   It has been blessed by the Shining One to cause great damage to the undead
   and demons.
   It affects your evasion (+3).
   It protects you from negative energy.
   It may make you go berserk in combat.
 e - a +1 broad axe of freezing
   (You found it on level 10 of the Dungeon)
 T - the +7 hand axe of Baiclekh {freeze, SInv}
   (You found it on level 10 of the Dungeon)

   It has been specially enchanted to freeze those struck by it, causing extra
   injury to most foes and up to half again as much damage against particularly
   susceptible opponents.
   It can also slow down cold-blooded creatures.
   It lets you see invisible.
Missiles
 j - 5 javelins of returning
 n - 299 arrows
 y - 37 tomahawks
 A - 3 tomahawks of returning (quivered)
Armour
 o - the +0 scale mail of the Ancient Wishes {rPois, unknown}
   (You found it on level 2 of the Elven Halls)

   It protects you from poison.
 B - a +1 troll leather armour (worn)
 C - a +2 cloak of poison resistance (worn)
   (You bought it in a shop on level 11 of the Dungeon)
 D - a +1 shield of cold resistance (worn)
   (You found it on level 1 of the Dungeon)
 E - a +2 helmet (worn)
 F - a +1 pair of boots (worn)
 G - a +0 pair of gloves (worn)
 V - the +2 robe of Watchfulness {+Inv rElec}
   (You bought it in a shop on level 9 of the Dungeon)

   It insulates you from electricity.
   It lets you turn invisible.
 Y - +0 acid dragon scales
Jewellery
 s - a ring of protection from cold (left hand)
   (You found it on level 13 of the Dungeon)
 I - an uncursed ring of see invisible
   (You found it on level 13 of the Dungeon)
 O - an uncursed amulet of harm {unknown}
   (You found it on level 1 of the Elven Halls)
 R - an amulet of regeneration (around neck)
   (You found it on level 12 of the Dungeon)
 S - the ring of Brawl (right hand) {+Fly rElec Str+9 Int-5 Stlth+}
   (You acquired it on level 12 of the Dungeon)

   [ring of flight]

   It affects your strength (+9).
   It affects your intelligence (-5).
   It insulates you from electricity.
   It lets you fly.
   It makes you more stealthy.
Wands
 d - a wand of digging (3)
 h - a wand of iceblast (4)
 p - a wand of paralysis (1)
 u - a wand of flame (42)
 N - a wand of disintegration (3)
Scrolls
 r - 3 scrolls of remove curse
 z - a scroll of fear
 U - 3 scrolls of amnesia
 Z - a scroll of summoning
Potions
 f - 2 potions of resistance
 v - 2 potions of flight
 w - 2 potions of cancellation
 x - 2 potions of lignification
Books
 k - a book of Fire
   (You bought it in a shop on level 2 of the Orcish Mines)

   Spells                             Type                      Level
   a - Ignite Poison                  Fire/Transmutation/Poison    3
   b - Fireball                       Conjuration/Fire             5
   c - Bolt of Fire                   Conjuration/Fire             6
   d - Ring of Flames                 Charms/Fire                  7
   e - Ignition                       Fire                         8
 q - a book of Frost

   Spells                             Type                      Level
   a - Freeze                         Ice                          1
   b - Throw Frost                    Conjuration/Ice              2
   c - Ozocubu's Armour               Charms/Ice                   3
   d - Throw Icicle                   Conjuration/Ice              4
   e - Summon Ice Beast               Ice/Summoning                4
 t - a book of Battle
   (You bought it in a shop on level 2 of the Orcish Mines)

   Spells                             Type                      Level
   a - Infusion                       Charms                       1
   b - Shroud of Golubria             Charms/Translocation         2
   c - Song of Slaying                Charms                       2
   d - Spectral Weapon                Hexes/Charms                 3
   e - Regeneration                   Charms/Necromancy            3
 H - a book of Callings
   (You bought it in a shop on level 2 of the Orcish Mines)

   Spells                             Type                      Level
   a - Summon Small Mammal            Summoning                    1
   b - Call Imp                       Summoning                    2
   c - Call Canine Familiar           Summoning                    3
   d - Summon Guardian Golem          Hexes/Summoning              3
   e - Summon Lightning Spire         Summoning/Air                4
   f - Summon Ice Beast               Ice/Summoning                4
 J - a book of Burglary
   (You bought it in a shop on level 2 of the Orcish Mines)

   Spells                             Type                      Level
   a - Swiftness                      Charms/Air                   2
   b - Passwall                       Transmutation/Earth          2
   c - Passage of Golubria            Translocation                4
   d - Lee's Rapid Deconstruction     Earth                        5
   e - Darkness                       Hexes                        6
   f - Invisibility                   Hexes                        6
 K - a book of Necromancy
   (You bought it in a shop on level 2 of the Orcish Mines)

   Spells                             Type                      Level
   a - Pain                           Necromancy                   1
   b - Animate Skeleton               Necromancy                   1
   c - Vampiric Draining              Necromancy                   3
   d - Regeneration                   Charms/Necromancy            3
   e - Animate Dead                   Necromancy                   4
   f - Borgnjor's Vile Clutch         Necromancy/Earth             5
 Q - a book of Maledictions
   (You found it in a labyrinth)

   Spells                             Type                      Level
   a - Corona                         Hexes                        1
   b - Ensorcelled Hibernation        Hexes/Ice                    2
   c - Confuse                        Hexes                        3
   d - Tukima's Dance                 Hexes                        3
   e - Dazzling Spray                 Conjuration/Hexes            3
 W - a book of Power
   (You found it in a labyrinth)

   Spells                             Type                      Level
   a - Iskenderun's Battlesphere      Conjuration/Charms           5
   b - Venom Bolt                     Conjuration/Poison           5
   c - Bolt of Magma                  Conjuration/Fire/Earth       5
   d - Iron Shot                      Conjuration/Earth            6
   e - Orb of Destruction             Conjuration                  7
   f - Spellforged Servitor           Conjuration/Summoning        7
Comestibles
 c - 17 rations


   Skills:
 + Level 9.3 Fighting
 + Level 9.3 Short Blades
 + Level 9.3 Long Blades
 + Level 9.3 Axes
 + Level 9.3 Maces & Flails
 + Level 9.3 Polearms
 + Level 9.3 Staves
 + Level 9.3 Slings
 + Level 9.3 Bows
 + Level 9.3 Crossbows
 + Level 9.3 Throwing
 + Level 9.3 Armour
 + Level 10.3 Dodging
 + Level 10.2 Stealth
 + Level 9.3 Shields
 + Level 9.3 Unarmed Combat
 + Level 10.5 Spellcasting
 + Level 8.1 Conjurations
 + Level 7.8 Hexes
 + Level 7.8 Charms
 + Level 7.8 Summonings
 + Level 7.8 Necromancy
 + Level 7.8 Translocations
 + Level 7.8 Transmutations
 + Level 7.8 Fire Magic
 + Level 9.5 Ice Magic
 + Level 7.8 Air Magic
 + Level 7.8 Earth Magic
 + Level 7.8 Poison Magic
 + Level 10.1 Invocations
 + Level 9.3 Evocations


You had 5 spell levels left.
You knew the following spells:

 Your Spells              Type           Power        Failure   Level  Hunger
a - Freeze                Ice            ####         1%          1    None
c - Confuse               Hex            ######..     1%          3    None
g - Passage of Golubria   Tloc           N/A          4%          4    None
i - Summon Ice Beast      Ice/Summ       ######..     3%          4    None
o - Ozocubu's Armour      Chrm/Ice       ######..     1%          3    None
p - Passwall              Tmut/Erth      ######....   1%          2    None
r - Regeneration          Chrm/Necr      ######....   1%          3    None
v - Borgnjor's Vile Clut  Necr/Erth      ######....   12%         5    ####...
L - Summon Lightning Spi  Summ/Air       ######..     4%          4    None


Dungeon Overview and Level Annotations

Branches:
Dungeon (14/15)               Orc (2/2) D:11            Elf (3/3) Orc:2
 Vaults (0/5) D:13
 Temple: D:4-7         Lair: D:8-11

Altars:
Cheibriados
Kikubaaqudgha
Makhleb
Sif Muna
Beogh

Shops:
D:6 *   D:9 [   D:11 [(   Orc:2 [(*:(   Elf:2 [

Annotations:
D:3 appiemonkey's ghost, amateur BaSu
D:4 Menkaure


Innate Abilities, Weirdness & Mutations

Your experience applies equally to all skills.
You have very sharp teeth.
Your uncanny sense of smell can sniff out nearby items.
You have sharp toenails.
Armour fits poorly on your strangely shaped body.
You are covered in fur. (AC +1)
You are weak. (Str -2)


Message History

You closely miss the deep elf death mage.
The deep elf death mage is severely wounded.
You block the deep elf death mage's attack.
You block the blizzard demon's attack. x2
The deep elf demonologist mumbles some strange words.
The deep elf death mage is infused with unholy energy.
* * * LOW HITPOINT WARNING * * *
The deep elf death mage draws life force from you and is healed!
Unknown command.
Okay, then.
Unknown command.
You slice the deep elf death mage like a ripe choko!!!
The deep elf death mage is no longer moving quickly.
The lost soul assumes the form of the deep elf death mage and becomes anchored to this world!
The blizzard demon waves its arms in wide circles.
The air twists around and strikes you!
The ghostly deep elf death mage completely misses you.
You riposte.
You barely miss the ghostly deep elf death mage.
The deep elf mage mumbles some strange words.
The deep elf mage blinks!
Unknown command.
Okay, then.
Unknown command.
You slash the ghostly deep elf death mage!
The ghostly deep elf death mage convulses.
Your bite misses the ghostly deep elf death mage.
The ghostly deep elf death mage is moderately damaged.
The blizzard demon closely misses you.
You riposte.
You barely miss the blizzard demon.
The blizzard demon completely misses you.
The deep elf demonologist casts a spell.
The ghostly deep elf death mage drinks a potion.
The ghostly deep elf death mage seems to speed up.
The deep elf mage gestures wildly while chanting.
The blizzard demon gestures at you. The bolt of cold misses you.
Unknown command.
Okay, then.
You slice the ghostly deep elf death mage!!
The ghostly deep elf death mage convulses!!
You destroy the ghostly deep elf death mage!
Cheibriados thoroughly appreciates the change of pace.
You can now inflict damage on those overly hasty.
Cheibriados raises the support of your attributes as your movement slows.
Your life force feels restored.
You hear a shout!
The deep elf demonologist mumbles some strange words.
The deep elf master archer wields a longbow.
The deep elf master archer shoots an arrow.
You block the arrow.
The deep elf sorcerer casts a spell.
The deep elf sorcerer seems to speed up.
You block the blizzard demon's attack. The blizzard demon misses you.
You hear a shout!
The deep elf mage shouts!
Unknown command.
Unknown command.
You can feel time thicken for a moment.
You destroy the fire elemental!
You kill the deep elf elementalist!
Cheibriados thoroughly appreciates the change of pace.
You destroy the battlesphere!
You kill the tormentor!
You kill the red devil!
You kill the sixfirhy!
You feel somewhat less full.
You can no longer inflict damage on those overly hasty.
Cheibriados lowers the support of your attributes as your movement quickens.
Your icy armour evaporates.
The deep elf master archer shoots an arrow.
The arrow barely misses you.
The deep elf sorcerer casts a spell.
The deep elf sorcerer seems to speed up.
The deep elf mage casts a spell.
You block the blizzard demon's attack. The blizzard demon misses you.
You hear a shout!
Unknown command.
You slash the blizzard demon!
The blizzard demon convulses!
The blizzard demon is severely wounded.
The deep elf sorcerer shouts, "You can't withstand my power!"
You block the blizzard demon's attack. The blizzard demon barely misses you.
The deep elf mage casts a spell.
The deep elf mage blinks!
The deep elf mage mumbles some strange words.
The deep elf mage blinks!
Unknown command.
Okay, then.
Evoke which item? (* to show all) (? for menu, Esc to quit)
Aiming: Paralyse
Press: ? - help, Shift-Dir - straight line, f - deep elf master archer
Aim: a deep elf master archer, wielding a longbow, wearing a glowing scale mail and wearing a large diamond amulet (moderately wounded, chance to defeat MR: 10%)
Okay, then.
Unknown command.
You slice the deep elf master archer!!
Your bite misses the deep elf master archer.
The deep elf master archer is severely wounded.
The blizzard demon completely misses you.
The blizzard demon hits you!
* * * LOW HITPOINT WARNING * * *
The deep elf demonologist gestures wildly while chanting.
The blizzard demon gestures at you. The bolt of lightning hits you! You resist.
You die...

∆∆∆∆∆ #.§# ∆∆∆∆∆∆
∆ ∆∆∆∆∆∆ #e§#
∆∆∆∆∆∆ ∆∆ ∆∆∆∆
#.)# ∆∆∆∆∆∆ ∆
∆∆∆∆∆ #..# ∆∆∆∆∆
∆ ∆ #e.#
##..###### ∆∆∆
.≈≈.e≈≈.e§# ∆∆∆
.≈≈.e≈≈.§4###∆∆∆
.≈≈.e≈≈.§E2@#
≈≈?e≈≈).E#e#
###..######e##
#####
....4.....E1e##
.....E
e.....e..2e4..#
#####.
..⌠.e⌠...ee2..'
##
.....=........#.
#
..e..........##.#
.. ....e......###
∆ #.#


You could see a Hell Sentinel, a hell beast, a deep elf master archer, a
blizzard demon, 2 deep elf sorcerers, 2 deep elf demonologists, a deep elf
archer, a hellwing, 5 deep elf magi, 3 fire elementals and a chaos spawn.

Vanquished Creatures
  An orc warlord (Orc:2)
  3 deep elf elementalists
  2 deep elf demonologists
  A deep elf annihilator (Elf:3)
  An ettin (Orc:2)
  A minotaur (Lab)
  2 deep elf death magi (Elf:3)
  A deep elf high priest (Elf:3)
  2 vault guards (D:13)
  2 centaur warriors
  7 dancing weapons
  2 two-headed ogres
  2 orc high priests (Orc:2)
  Urug (Orc:1)
  A shock serpent (shapeshifter) (Elf:1)
  Nergalle (Orc:2)
  6 deep elf knights
  2 slime creatures (D:14)
  2 wizards (D:13)
  A skeletal warrior (D:14)
  2 unseen horrors
  7 deep elf archers
  4 orc knights
  17 deep elf magi
  A cyclops (D:14)
  3 orc sorcerers (Orc:2)
  A centaur zombie (D:14)
  A centaur skeleton (D:13)
  An efreet (D:14)
  A yaktaur (shapeshifter) (Elf:3)
  6 trolls
  3 hornets
  A blink frog (shapeshifter) (D:13)
  4 hippogriffs
  An air elemental (Elf:1)
  4 water elementals
  2 wraiths
  11 yaks
  A fire elemental (Elf:1)
  17 humans (D:13)
  3 hungry ghosts
  2 wargs
  2 soldier ants (D:11)
  An acid dragon (D:12)
  22 orc warriors
  4 sky beasts
  7 ogres
  A necrophage (D:12)
  7 centaurs
  A crocodile (D:13)
  A big kobold (D:12)
  2 bullfrogs
  An earth elemental (Elf:2)
  A scorpion (D:4)
  5 crimson imps
  4 hounds
  A quasit (D:9)
  13 orc priests
  15 orc wizards
  3 iguanas
  7 worker ants
  A worker ant zombie (D:9)
  2 gnolls (D:3)
  10 adders
  A shadow imp (D:10)
  2 oozes (D:3)
  3 worms
  2 leopard geckos
  56 orcs
  3 ball pythons
  A bat (D:1)
  5 giant cockroaches
  3 goblins
  6 hobgoblins
  9 kobolds
  4 quokkas
  9 frilled lizards
  A quokka skeleton (D:8)
  4 rats
354 creatures vanquished.

Vanquished Creatures (collateral kills)
  An ugly thing (D:13)
  2 hippogriffs (D:13)
  3 humans (D:13)
  An orc warrior (D:14)
  2 ogres (D:4)
  A centaur (D:13)
  A jelly (D:9)
  A hound (D:10)
  An orc priest (Orc:2)
  An orc wizard (D:4)
  2 worker ants
  An adder (D:4)
  A worm (D:5)
  An adder zombie (D:9)
  2 orcs
  A goblin (D:5)
22 creatures vanquished.

Vanquished Creatures (others)
  A deep elf annihilator (Elf:3)
  A deep elf mage (Elf:1)
  A frilled lizard (D:1)
3 creatures vanquished.

Grand Total: 379 creatures vanquished

Notes
Turn   | Place    | Note
-------+----------+-------------------------------------------
     0 | D:1      | tidbits the Gnoll Ice Elementalist began the quest for the Orb.
     0 | D:1      | Reached XP level 1. HP: 13/13 MP: 6/6
    50 | D:1      | Reached skill level 2 in Conjurations
    69 | D:1      | Reached XP level 2. HP: 11/19 MP: 1/7
   145 | D:2      | Learned a level 2 spell: Throw Frost
   165 | D:2      | Reached XP level 3. HP: 17/25 MP: 2/9
   169 | D:2      | Reached skill level 5 in Spellcasting
   174 | D:2      | Learned a level 3 spell: Ozocubu's Armour
   240 | D:3      | Reached skill level 1 in Fighting
   240 | D:3      | Reached skill level 1 in Short Blades
   240 | D:3      | Reached skill level 1 in Long Blades
   240 | D:3      | Reached skill level 1 in Axes
   240 | D:3      | Reached skill level 1 in Maces & Flails
   240 | D:3      | Reached skill level 1 in Polearms
   240 | D:3      | Reached skill level 1 in Staves
   240 | D:3      | Reached skill level 1 in Slings
   240 | D:3      | Reached skill level 1 in Bows
   240 | D:3      | Reached skill level 1 in Crossbows
   240 | D:3      | Reached skill level 1 in Throwing
   240 | D:3      | Reached skill level 1 in Armour
   240 | D:3      | Reached skill level 1 in Shields
   240 | D:3      | Reached skill level 1 in Unarmed Combat
   240 | D:3      | Reached skill level 1 in Invocations
   240 | D:3      | Reached skill level 1 in Evocations
   240 | D:3      | Reached XP level 4. HP: 27/32 MP: 11/11
   270 | D:2      | Found a snail-covered altar of Cheibriados.
   274 | D:2      | Became a worshipper of Cheibriados the Contemplative
   304 | D:2      | Learned a level 4 spell: Summon Ice Beast
   312 | D:3      | Noticed appiemonkey's ghost (amateur BaSu)
   397 | D:3      | Learned a level 3 spell: Confuse
   429 | D:3      | Reached skill level 1 in Hexes
   429 | D:3      | Reached skill level 1 in Charms
   429 | D:3      | Reached skill level 1 in Summonings
   429 | D:3      | Reached skill level 1 in Necromancy
   429 | D:3      | Reached skill level 1 in Translocations
   429 | D:3      | Reached skill level 1 in Transmutations
   429 | D:3      | Reached skill level 1 in Fire Magic
   429 | D:3      | Reached skill level 1 in Air Magic
   429 | D:3      | Reached skill level 1 in Earth Magic
   429 | D:3      | Reached skill level 1 in Poison Magic
   429 | D:3      | Reached XP level 5. HP: 37/37 MP: 1/12
   437 | D:4      | Found a deep blue altar of Sif Muna.
   527 | D:4      | Found an ancient bone altar of Kikubaaqudgha.
   539 | D:4      | Noticed an ogre
   543 | D:4      | Killed an ogre
   572 | D:4      | Noticed Menkaure
   701 | D:3      | Reached XP level 6. HP: 38/44 MP: 3/13
   774 | D:4      | Reached skill level 2 in Invocations
   836 | D:4      | Reached skill level 2 in Fighting
   836 | D:4      | Reached skill level 2 in Short Blades
   836 | D:4      | Reached skill level 2 in Long Blades
   836 | D:4      | Reached skill level 2 in Axes
   836 | D:4      | Reached skill level 2 in Maces & Flails
   836 | D:4      | Reached skill level 2 in Polearms
   836 | D:4      | Reached skill level 2 in Staves
   836 | D:4      | Reached skill level 2 in Slings
   836 | D:4      | Reached skill level 2 in Bows
   836 | D:4      | Reached skill level 2 in Crossbows
   836 | D:4      | Reached skill level 2 in Throwing
   836 | D:4      | Reached skill level 2 in Armour
   836 | D:4      | Reached skill level 5 in Dodging
   836 | D:4      | Reached skill level 2 in Shields
   836 | D:4      | Reached skill level 2 in Unarmed Combat
   836 | D:4      | Reached skill level 2 in Evocations
   871 | D:5      | Entered Level 5 of the Dungeon
   884 | D:5      | Reached * piety under Cheibriados
   991 | D:5      | Found a glowing drain.
   995 | Sewer    | Entered a sewer
  1112 | Sewer    | Reached ** piety under Cheibriados
  1162 | Sewer    | Reached XP level 7. HP: 46/50 MP: 8/15
  1330 | D:6      | Found Idghuc Minka's Assorted Antiques.
  1339 | D:6      | Bought a lumpy orange potion for 23 gold pieces
  1339 | D:6      | Bought a scroll labeled CAETRU SAGA for 26 gold pieces
  1339 | D:6      | Bought a fizzy puce potion for 23 gold pieces
  1339 | D:6      | Bought a murky sapphire potion for 23 gold pieces
  1374 | D:5      | Reached skill level 3 in Conjurations
  1374 | D:5      | Reached skill level 2 in Hexes
  1374 | D:5      | Reached skill level 2 in Charms
  1374 | D:5      | Reached skill level 2 in Summonings
  1374 | D:5      | Reached skill level 2 in Necromancy
  1374 | D:5      | Reached skill level 2 in Translocations
  1374 | D:5      | Reached skill level 2 in Transmutations
  1374 | D:5      | Reached skill level 2 in Fire Magic
  1374 | D:5      | Reached skill level 2 in Air Magic
  1374 | D:5      | Reached skill level 2 in Earth Magic
  1374 | D:5      | Reached skill level 2 in Poison Magic
  1437 | D:6      | Found a burning altar of Makhleb.
  1531 | D:8      | Reached skill level 5 in Stealth
  1561 | D:8      | Noticed a warg
  1561 | D:8      | Noticed a warg
  1572 | D:8      | Killed a warg
  1572 | D:8      | Reached skill level 3 in Invocations
  1575 | D:8      | Noticed a warg
  1591 | D:8      | Reached XP level 8. HP: 24/57 MP: 1/16
  1609 | D:8      | Noticed an orc knight
  1611 | D:8      | Noticed an orc knight
  1613 | D:8      | HP: 4/57 [orc warrior/hand axe (22)]
  1617 | D:8      | Reached *** piety under Cheibriados
  1658 | D:9      | Noticed a hippogriff
  1669 | D:9      | Killed a hippogriff
  1669 | D:9      | Reached skill level 3 in Fighting
  1669 | D:9      | Reached skill level 3 in Short Blades
  1669 | D:9      | Reached skill level 3 in Long Blades
  1669 | D:9      | Reached skill level 3 in Axes
  1669 | D:9      | Reached skill level 3 in Maces & Flails
  1669 | D:9      | Reached skill level 3 in Polearms
  1669 | D:9      | Reached skill level 3 in Staves
  1669 | D:9      | Reached skill level 3 in Slings
  1669 | D:9      | Reached skill level 3 in Bows
  1669 | D:9      | Reached skill level 3 in Crossbows
  1669 | D:9      | Reached skill level 3 in Throwing
  1669 | D:9      | Reached skill level 3 in Armour
  1669 | D:9      | Reached skill level 3 in Shields
  1669 | D:9      | Reached skill level 3 in Unarmed Combat
  1669 | D:9      | Reached skill level 6 in Ice Magic
  1669 | D:9      | Reached skill level 3 in Evocations
  1761 | D:9      | HP: 1/58 [orc warrior/tomahawk (17)]
  1767 | D:9      | HP: 2/58 [orc warrior/tomahawk (7)]
  1781 | D:9      | Reached skill level 6 in Spellcasting
  1847 | D:9      | Found Zymerac's Antique Armour Emporium.
  1853 | D:9      | Bought a silken robe for 159 gold pieces
  1863 | D:9      | Identified the +2 robe of Watchfulness {+Inv rElec} (You bought it in a shop on level 9 of the Dungeon)
  1881 | D:10     | Entered Level 10 of the Dungeon
  1882 | D:10     | Noticed a hippogriff
  1918 | D:10     | Killed a hippogriff
  1927 | D:10     | Noticed a hornet
  1936 | D:10     | Killed a hornet
  1972 | D:10     | Got a shimmering hand axe
  1973 | D:10     | Identified the +7 hand axe of Baiclekh {freeze, SInv} (You found it on level 10 of the Dungeon)
  1983 | D:10     | Reached skill level 4 in Invocations
  2014 | D:10     | Noticed an unseen horror
  2030 | D:10     | Noticed a troll
  2031 | D:10     | Noticed a hippogriff
  2032 | D:10     | Noticed a hornet
  2038 | D:10     | Reached skill level 3 in Hexes
  2038 | D:10     | Reached skill level 3 in Charms
  2038 | D:10     | Reached skill level 3 in Summonings
  2038 | D:10     | Reached skill level 3 in Necromancy
  2038 | D:10     | Reached skill level 3 in Translocations
  2038 | D:10     | Reached skill level 3 in Transmutations
  2038 | D:10     | Reached skill level 3 in Fire Magic
  2038 | D:10     | Reached skill level 3 in Air Magic
  2038 | D:10     | Reached skill level 3 in Earth Magic
  2038 | D:10     | Reached skill level 3 in Poison Magic
  2038 | D:10     | Reached XP level 9. HP: 36/65 MP: 7/18
  2050 | D:10     | Killed an unseen horror
  2050 | D:10     | Reached skill level 4 in Fighting
  2050 | D:10     | Reached skill level 4 in Short Blades
  2050 | D:10     | Reached skill level 4 in Long Blades
  2050 | D:10     | Reached skill level 4 in Axes
  2050 | D:10     | Reached skill level 4 in Maces & Flails
  2050 | D:10     | Reached skill level 4 in Polearms
  2050 | D:10     | Reached skill level 4 in Staves
  2050 | D:10     | Reached skill level 4 in Slings
  2050 | D:10     | Reached skill level 4 in Bows
  2050 | D:10     | Reached skill level 4 in Crossbows
  2050 | D:10     | Reached skill level 4 in Throwing
  2050 | D:10     | Reached skill level 4 in Armour
  2050 | D:10     | Reached skill level 6 in Dodging
  2050 | D:10     | Reached skill level 4 in Shields
  2050 | D:10     | Reached skill level 4 in Unarmed Combat
  2050 | D:10     | Reached skill level 4 in Conjurations
  2050 | D:10     | Reached skill level 4 in Evocations
  2057 | D:10     | Killed a troll
  2057 | D:10     | Reached skill level 6 in Stealth
  2073 | D:10     | Reached **** piety under Cheibriados
  2122 | D:10     | HP: 4/65 [shadow imp/nerve-wracking pain (8)]
  2357 | D:12     | Reached skill level 5 in Invocations
  2457 | D:12     | Found a labyrinth entrance.
  2504 | Lab      | Entered a labyrinth
  2671 | Lab      | Noticed a minotaur
  2678 | Lab      | Killed a minotaur
  2678 | Lab      | Reached skill level 7 in Spellcasting
  2678 | Lab      | Reached skill level 4 in Hexes
  2678 | Lab      | Reached skill level 4 in Charms
  2678 | Lab      | Reached skill level 4 in Summonings
  2678 | Lab      | Reached skill level 4 in Necromancy
  2678 | Lab      | Reached skill level 4 in Translocations
  2678 | Lab      | Reached skill level 4 in Transmutations
  2678 | Lab      | Reached skill level 4 in Fire Magic
  2678 | Lab      | Reached skill level 4 in Air Magic
  2678 | Lab      | Reached skill level 4 in Earth Magic
  2678 | Lab      | Reached skill level 4 in Poison Magic
  2678 | Lab      | Reached XP level 10. HP: 49/73 MP: 14/20
  2688 | Lab      | Found the +10 zealot's sword {holy, *Rage rN+ EV+3}
  2688 | Lab      | Got a slimy chain mail
  2695 | D:12     | Reached skill level 5 in Fighting
  2695 | D:12     | Reached skill level 5 in Short Blades
  2695 | D:12     | Reached skill level 5 in Long Blades
  2695 | D:12     | Reached skill level 5 in Axes
  2695 | D:12     | Reached skill level 5 in Maces & Flails
  2695 | D:12     | Reached skill level 5 in Polearms
  2695 | D:12     | Reached skill level 5 in Staves
  2695 | D:12     | Reached skill level 5 in Slings
  2695 | D:12     | Reached skill level 5 in Bows
  2695 | D:12     | Reached skill level 5 in Crossbows
  2695 | D:12     | Reached skill level 5 in Throwing
  2695 | D:12     | Reached skill level 5 in Armour
  2695 | D:12     | Reached skill level 5 in Shields
  2695 | D:12     | Reached skill level 5 in Unarmed Combat
  2695 | D:12     | Reached skill level 5 in Evocations
  2696 | D:12     | Identified 3 scrolls of acquirement
  2697 | D:12     | Got a translucent pewter ring
  2698 | D:12     | Identified the ring of Brawl {+Fly rElec Str+9 Int-5 Stlth+} (You acquired it on level 12 of the Dungeon)
  2715 | D:13     | Reached skill level 7 in Ice Magic
  2718 | D:13     | Reached skill level 7 in Dodging
  2814 | D:12     | Reached ***** piety under Cheibriados
  2818 | D:12     | Got a slimy helmet
  2829 | D:12     | Identified the cursed -4 helmet of Mipp {+Blink} (You found it on level 12 of the Dungeon)
  2887 | D:12     | Reached skill level 5 in Conjurations
  2922 | D:14     | Noticed a centaur warrior
  2926 | D:14     | Noticed a skeletal warrior
  2929 | D:14     | Noticed a skeletal warrior
  2929 | D:14     | Killed a centaur warrior
  2929 | D:14     | Reached skill level 7 in Stealth
  2929 | D:14     | Reached skill level 6 in Invocations
  2940 | D:14     | Killed a skeletal warrior
  2940 | D:14     | Reached XP level 11. HP: 40/81 MP: 10/22
  2962 | D:13     | Noticed a centaur warrior
  2977 | D:13     | Noticed a red ugly thing
  2985 | D:13     | Killed a red ugly thing
  2990 | D:13     | Killed a centaur warrior
  2990 | D:13     | Reached skill level 6 in Fighting
  2990 | D:13     | Reached skill level 6 in Short Blades
  2990 | D:13     | Reached skill level 6 in Long Blades
  2990 | D:13     | Reached skill level 6 in Axes
  2990 | D:13     | Reached skill level 6 in Maces & Flails
  2990 | D:13     | Reached skill level 6 in Polearms
  2990 | D:13     | Reached skill level 6 in Staves
  2990 | D:13     | Reached skill level 6 in Slings
  2990 | D:13     | Reached skill level 6 in Bows
  2990 | D:13     | Reached skill level 6 in Crossbows
  2990 | D:13     | Reached skill level 6 in Throwing
  2990 | D:13     | Reached skill level 6 in Armour
  2990 | D:13     | Reached skill level 6 in Shields
  2990 | D:13     | Reached skill level 6 in Unarmed Combat
  2990 | D:13     | Reached skill level 6 in Evocations
  3004 | D:14     | Reached skill level 5 in Hexes
  3004 | D:14     | Reached skill level 5 in Charms
  3004 | D:14     | Reached skill level 5 in Summonings
  3004 | D:14     | Reached skill level 5 in Necromancy
  3004 | D:14     | Reached skill level 5 in Translocations
  3004 | D:14     | Reached skill level 5 in Transmutations
  3004 | D:14     | Reached skill level 5 in Fire Magic
  3004 | D:14     | Reached skill level 5 in Air Magic
  3004 | D:14     | Reached skill level 5 in Earth Magic
  3004 | D:14     | Reached skill level 5 in Poison Magic
  3076 | D:12     | Reached skill level 8 in Spellcasting
  3180 | D:13     | Noticed a wizard
  3185 | D:13     | Killed a wizard
  3190 | D:13     | Reached skill level 7 in Invocations
  3196 | D:13     | Reached skill level 8 in Dodging
  3212 | D:13     | Noticed a wizard
  3228 | D:13     | Killed a wizard
  3238 | D:13     | Got a pitted halberd
  3254 | D:13     | Found a gate to the Vaults.
  3254 | D:13     | Noticed a vault guard
  3254 | D:13     | Noticed a vault guard
  3269 | D:13     | Reached ****** piety under Cheibriados
  3269 | D:13     | Reached skill level 6 in Conjurations
  3272 | D:13     | Killed a vault guard
  3272 | D:13     | Reached skill level 8 in Stealth
  3272 | D:13     | Reached XP level 12. HP: 67/89 MP: 11/24
  3277 | D:13     | Killed a vault guard
  3277 | D:13     | Reached skill level 8 in Ice Magic
  3369 | D:14     | Noticed a two-headed ogre
  3377 | D:14     | Reached skill level 7 in Fighting
  3377 | D:14     | Reached skill level 7 in Short Blades
  3377 | D:14     | Reached skill level 7 in Long Blades
  3377 | D:14     | Reached skill level 7 in Axes
  3377 | D:14     | Reached skill level 7 in Maces & Flails
  3377 | D:14     | Reached skill level 7 in Polearms
  3377 | D:14     | Reached skill level 7 in Staves
  3377 | D:14     | Reached skill level 7 in Slings
  3377 | D:14     | Reached skill level 7 in Bows
  3377 | D:14     | Reached skill level 7 in Crossbows
  3377 | D:14     | Reached skill level 7 in Throwing
  3377 | D:14     | Reached skill level 7 in Armour
  3377 | D:14     | Reached skill level 7 in Shields
  3377 | D:14     | Reached skill level 7 in Unarmed Combat
  3377 | D:14     | Reached skill level 7 in Evocations
  3382 | D:14     | Killed a two-headed ogre
  3565 | D:11     | Reached skill level 6 in Hexes
  3565 | D:11     | Reached skill level 6 in Charms
  3565 | D:11     | Reached skill level 6 in Summonings
  3565 | D:11     | Reached skill level 6 in Necromancy
  3565 | D:11     | Reached skill level 6 in Translocations
  3565 | D:11     | Reached skill level 6 in Transmutations
  3565 | D:11     | Reached skill level 6 in Fire Magic
  3565 | D:11     | Reached skill level 6 in Air Magic
  3565 | D:11     | Reached skill level 6 in Earth Magic
  3565 | D:11     | Reached skill level 6 in Poison Magic
  3622 | D:11     | Reached skill level 8 in Invocations
  3670 | D:11     | Noticed a two-headed ogre
  3675 | D:11     | Killed a two-headed ogre
  3675 | D:11     | Reached skill level 9 in Spellcasting
  3788 | D:11     | Found Jenk's Weapon Emporium.
  3809 | D:11     | Found a staircase to the Orcish Mines.
  3811 | D:11     | Found Cirahipo's Armour Emporium.
  3858 | D:11     | Bought a +1 pair of boots for 161 gold pieces
  3858 | D:11     | Bought a +2 cloak of poison resistance for 259 gold pieces
  3886 | Orc:1    | Entered Level 1 of the Orcish Mines
  3978 | Orc:2    | Entered Level 2 of the Orcish Mines
  3988 | Orc:2    | Noticed Nergalle
  3997 | Orc:2    | Reached skill level 9 in Dodging
  4001 | Orc:2    | Killed Nergalle
  4005 | Orc:2    | Reached XP level 13. HP: 57/98 MP: 15/26
  4035 | Orc:2    | Identified the +2 chain mail "Toerchim" {Regen+} (You found it in a labyrinth)
  4050 | Orc:2    | Noticed an orc warlord
  4058 | Orc:2    | Reached skill level 9 in Stealth
  4122 | Orc:2    | Killed an orc warlord
  4122 | Orc:2    | Reached skill level 7 in Conjurations
  4161 | Orc:2    | Reached skill level 8 in Fighting
  4161 | Orc:2    | Reached skill level 8 in Short Blades
  4161 | Orc:2    | Reached skill level 8 in Long Blades
  4161 | Orc:2    | Reached skill level 8 in Axes
  4161 | Orc:2    | Reached skill level 8 in Maces & Flails
  4161 | Orc:2    | Reached skill level 8 in Polearms
  4161 | Orc:2    | Reached skill level 8 in Staves
  4161 | Orc:2    | Reached skill level 8 in Slings
  4161 | Orc:2    | Reached skill level 8 in Bows
  4161 | Orc:2    | Reached skill level 8 in Crossbows
  4161 | Orc:2    | Reached skill level 8 in Throwing
  4161 | Orc:2    | Reached skill level 8 in Armour
  4161 | Orc:2    | Reached skill level 8 in Shields
  4161 | Orc:2    | Reached skill level 8 in Unarmed Combat
  4161 | Orc:2    | Reached skill level 8 in Evocations
  4195 | Orc:2    | Found a roughly hewn altar of Beogh.
  4229 | Orc:2    | Found Fiureler's General Store.
  4262 | Orc:2    | Found Sessim's Weapon Shop.
  4302 | Orc:2    | Found a burning altar of Makhleb.
  4387 | Orc:2    | Noticed an ettin
  4394 | Orc:2    | Killed an ettin
  4405 | Orc:2    | Found a roughly hewn altar of Beogh.
  4494 | Orc:1    | Noticed Urug
  4538 | Orc:1    | Killed Urug
  4538 | Orc:1    | Reached skill level 9 in Invocations
  4668 | Orc:2    | Found Faten's Antique Armour Boutique.
  4682 | Orc:2    | Found Iseisuge's Antique Weapon Boutique.
  4703 | Orc:2    | Found Vowayguibu's Book Boutique.
  4717 | Orc:2    | Bought a book of Fire for 845 gold pieces
  4717 | Orc:2    | Bought a book of Battle for 520 gold pieces
  4717 | Orc:2    | Bought a book of Callings for 390 gold pieces
  4717 | Orc:2    | Bought a book of Burglary for 975 gold pieces
  4720 | Orc:2    | Learned a level 2 spell: Passwall
  4724 | Orc:2    | Learned a level 3 spell: Regeneration
  4729 | Orc:2    | Learned a level 4 spell: Passage of Golubria
  4734 | Orc:2    | Learned a level 4 spell: Summon Lightning Spire
  4734 | Orc:2    | Bought a book of Necromancy for 390 gold pieces
  4740 | Orc:2    | Learned a level 5 spell: Borgnjor's Vile Clutch
  4750 | Orc:2    | Found a staircase to the Elven Halls.
  4759 | Elf:1    | Entered Level 1 of the Elven Halls
  4817 | Elf:1    | Reached skill level 7 in Hexes
  4817 | Elf:1    | Reached skill level 7 in Charms
  4817 | Elf:1    | Reached skill level 7 in Summonings
  4817 | Elf:1    | Reached skill level 7 in Necromancy
  4817 | Elf:1    | Reached skill level 7 in Translocations
  4817 | Elf:1    | Reached skill level 7 in Transmutations
  4817 | Elf:1    | Reached skill level 7 in Fire Magic
  4817 | Elf:1    | Reached skill level 9 in Ice Magic
  4817 | Elf:1    | Reached skill level 7 in Air Magic
  4817 | Elf:1    | Reached skill level 7 in Earth Magic
  4817 | Elf:1    | Reached skill level 7 in Poison Magic
  4926 | Elf:2    | Found Eppotu's Antique Armour Emporium.
  4926 | Elf:2    | Noticed a deep elf elementalist
  4927 | Elf:2    | Noticed a deep elf demonologist
  4928 | Elf:2    | Reached skill level 10 in Spellcasting
  4928 | Elf:2    | Reached XP level 14. HP: 106/106 MP: 26/28
  4929 | Elf:2    | Noticed a cacodemon
  4934 | Elf:2    | Noticed an Executioner
  4934 | Elf:2    | Killed a deep elf demonologist
  4935 | Elf:2    | Killed a deep elf elementalist
  4949 | Elf:3    | Entered Level 3 of the Elven Halls
  4950 | Elf:3    | Reached skill level 10 in Dodging
  5103 | Elf:2    | Reached skill level 9 in Fighting
  5103 | Elf:2    | Reached skill level 9 in Short Blades
  5103 | Elf:2    | Reached skill level 9 in Long Blades
  5103 | Elf:2    | Reached skill level 9 in Axes
  5103 | Elf:2    | Reached skill level 9 in Maces & Flails
  5103 | Elf:2    | Reached skill level 9 in Polearms
  5103 | Elf:2    | Reached skill level 9 in Staves
  5103 | Elf:2    | Reached skill level 9 in Slings
  5103 | Elf:2    | Reached skill level 9 in Bows
  5103 | Elf:2    | Reached skill level 9 in Crossbows
  5103 | Elf:2    | Reached skill level 9 in Throwing
  5103 | Elf:2    | Reached skill level 9 in Armour
  5103 | Elf:2    | Reached skill level 9 in Shields
  5103 | Elf:2    | Reached skill level 9 in Unarmed Combat
  5103 | Elf:2    | Reached skill level 9 in Evocations
  5114 | Elf:2    | Reached skill level 10 in Stealth
  5123 | Elf:2    | Got a bloodstained scale mail
  5158 | Elf:3    | Noticed a deep elf annihilator
  5158 | Elf:3    | Noticed a deep elf demonologist
  5158 | Elf:3    | Noticed a deep elf elementalist
  5158 | Elf:3    | Noticed a deep elf sorcerer
  5162 | Elf:3    | Noticed a deep elf demonologist
  5164 | Elf:3    | Noticed a Tzitzimitl
  5170 | Elf:3    | Noticed a deep elf demonologist
  5172 | Elf:3    | Noticed a cacodemon
  5172 | Elf:3    | Noticed a Tzitzimitl
  5174 | Elf:3    | HP: 16/162 [???[a deep elf demonologist] (10)]
  5176 | Elf:3    | Noticed a deep elf annihilator
  5177 | Elf:3    | Killed a deep elf elementalist
  5178 | Elf:3    | Noticed a Tzitzimitl
  5178 | Elf:3    | HP: 7/108 [soul eater/drain life[a deep elf demonologist] (7)]
  5181 | Elf:3    | Killed a deep elf demonologist
  5184 | Elf:3    | Gained mutation: You are covered in fur. (AC +1) [potion of mutation]
  5184 | Elf:3    | Gained mutation: You are weak. (Str -2) [potion of mutation]
  5184 | Elf:3    | Gained mutation: Armour fits poorly on your strangely shaped body. [potion of mutation]
  5184 | Elf:3    | Gained mutation: You have sharp toenails. [potion of mutation]
  5207 | Elf:3    | Reached skill level 8 in Conjurations
  5209 | Elf:3    | Reached skill level 10 in Invocations
  5218 | Elf:3    | Killed a deep elf annihilator
  5220 | Elf:3    | Noticed a deep elf elementalist
  5221 | Elf:3    | Noticed a deep elf master archer
  5222 | Elf:3    | Noticed a reaper
  5224 | Elf:3    | Noticed a deep elf sorcerer
  5226 | Elf:3    | HP: 6/108 [blizzard demon[a deep elf demonologist] (9)]
  5227 | Elf:3    | Noticed a Hell Sentinel
  5227 | Elf:3    | Killed a deep elf annihilator
  5233 | Elf:3    | Killed a deep elf elementalist
  5235 | Elf:3    | HP: 2/108 [blizzard demon[a deep elf demonologist] (11)]
  5235 | Elf:3    | Killed from afar by a blizzard demon

Skill      XL: |  1  2  3  4  5  6  7  8  9 10 11 12 13 14 |
---------------+-------------------------------------------+-----
Conjurations   | 2 3 4 5 6 7 8 |  8.1
Spellcasting   | 5 6 7 8 9 10 | 10.5
Fighting       | 1 2 3 4 5 6 7 8 9 |  9.3
Short Blades   | 1 2 3 4 5 6 7 8 9 |  9.3
Long Blades    | 1 2 3 4 5 6 7 8 9 |  9.3
Axes           | 1 2 3 4 5 6 7 8 9 |  9.3
Maces & Flails | 1 2 3 4 5 6 7 8 9 |  9.3
Polearms       | 1 2 3 4 5 6 7 8 9 |  9.3
Staves         | 1 2 3 4 5 6 7 8 9 |  9.3
Slings         | 1 2 3 4 5 6 7 8 9 |  9.3
Bows           | 1 2 3 4 5 6 7 8 9 |  9.3
Crossbows      | 1 2 3 4 5 6 7 8 9 |  9.3
Throwing       | 1 2 3 4 5 6 7 8 9 |  9.3
Armour         | 1 2 3 4 5 6 7 8 9 |  9.3
Shields        | 1 2 3 4 5 6 7 8 9 |  9.3
Unarmed Combat | 1 2 3 4 5 6 7 8 9 |  9.3
Invocations    | 1 2 3 4 5 6 7 8 9 10 | 10.1
Evocations     | 1 2 3 4 5 6 7 8 9 |  9.3
Hexes          | 1 2 3 4 5 6 7 |  7.8
Charms         | 1 2 3 4 5 6 7 |  7.8
Summonings     | 1 2 3 4 5 6 7 |  7.8
Necromancy     | 1 2 3 4 5 6 7 |  7.8
Translocations | 1 2 3 4 5 6 7 |  7.8
Transmutations | 1 2 3 4 5 6 7 |  7.8
Fire Magic     | 1 2 3 4 5 6 7 |  7.8
Air Magic      | 1 2 3 4 5 6 7 |  7.8
Earth Magic    | 1 2 3 4 5 6 7 |  7.8
Poison Magic   | 1 2 3 4 5 6 7 |  7.8
Dodging        | 5 6 7 8 9 10 | 10.3
Stealth        | 5 6 7 8 9 10 | 10.2
Ice Magic      | 6 7 8 9 |  9.5

Action                   |  1- 3 |  4- 6 |  7- 9 | 10-12 | 13-15 || total
-------------------------+-------+-------+-------+-------+-------++-------
Melee: Dagger            |    14 |    32 |    41 |     9 |    18 ||   114
       Bite              |     2 |     6 |    17 |    44 |    35 ||   104
       Flail             |       |     3 |       |       |       ||     3
       Dire flail        |       |       |    28 |       |       ||    28
       Hand axe          |       |       |    18 |       |     4 ||    22
       Scimitar          |       |       |     2 |       |       ||     2
       Punch             |       |       |     2 |    12 |       ||    14
       Unarmed           |       |       |     2 |       |       ||     2
       Eudemon blade     |       |       |       |   213 |    84 ||   297
       Broad axe         |       |       |       |    20 |   112 ||   132
Throw: Tomahawk          |       |       |     8 |     9 |    33 ||    50
       Stone             |       |       |     1 |       |       ||     1
       Throwing net      |       |       |       |     1 |       ||     1
 Cast: Freeze            |    18 |    48 |    46 |       |       ||   112
       Ozocubu's Armour  |       |     6 |    16 |    22 |    14 ||    58
       Summon Ice Beast  |       |     7 |    10 |    11 |     3 ||    31
       Throw Frost       |       |     5 |       |       |       ||     5
       Confuse           |       |       |     6 |       |       ||     6
       Borgnjor's Vile C |       |       |       |       |    12 ||    12
       Regeneration      |       |       |       |       |     2 ||     2
       Summon Lightning  |       |       |       |       |     2 ||     2
       Passwall          |       |       |       |       |     1 ||     1
Invok: Bend Time         |       |       |       |     2 |       ||     2
       Slouch            |       |       |       |     3 |    11 ||    14
 Abil: Evoke Invisibilit |       |       |     2 |       |       ||     2
Evoke: Wand              |       |       |    17 |    15 |    18 ||    50
  Use: Scroll            |       |     5 |    14 |     9 |    11 ||    39
       Potion            |       |       |    13 |     1 |     8 ||    22
 Stab: Sleeping          |     2 |    10 |    15 |     4 |     6 ||    37
       Invisible         |       |       |     1 |     2 |       ||     3
       Paralysed         |       |       |     3 |     9 |     3 ||    15
       Distracted        |       |       |       |     2 |     2 ||     4
  Eat: Chunk             |       |     2 |     1 |     2 |       ||     5
       Ration            |       |       |     1 |     2 |     2 ||     5
Armor: Robe              |     1 |     9 |    45 |     8 |       ||    63
       Skin              |       |       |     1 |       |       ||     1
       Troll leather arm |       |       |       |    50 |    47 ||    97
Dodge: Dodged            |    19 |    48 |   126 |   171 |   174 ||   538
Block: Shield            |       |       |       |    26 |   184 ||   210
       Buckler           |       |       |       |    13 |       ||    13
       Rpst.: Scimitar   |       |       |     1 |       |       ||     1
       Eudemon blade     |       |       |       |    36 |    16 ||    52

Table legend:
 A = Turns spent in this place as a percentage of turns spent in the entire game.
 B = Non-inter-level travel turns spent in this place as a percentage of non-inter-level travel turns spent in the entire game.
 C = Inter-level travel turns spent in this place as a percentage of turns spent in this place.
 D = Turns resting spent in this place as a percentage of non-inter-level travel turns spent in this place.
 E = Turns spent auto-exploring this place as a percentage of non-inter-level travel turns spent in this place.
 F = Non-inter-level travel turns spent in this place divided by the number of levels of this place that you've seen.
                   A       B       C       D       E      F
               +-------+-------+-------+-------+-------+----------------------
         Total | 100.0 | 100.0 |   0.9 |   0.0 |   0.0 | 247.1
       Dungeon |  66.3 |  66.0 |   1.3 |   0.0 |   0.0 | 244.6
  Orcish Mines |  16.7 |  16.8 |   0.0 |   0.0 |   0.0 | 436.5
   Elven Halls |   9.1 |   9.2 |   0.0 |   0.0 |   0.0 | 158.7
     Labyrinth |   3.6 |   3.6 |   0.0 |   0.0 |   0.0 | 188.0
         Sewer |   4.4 |   4.4 |   0.0 |   0.0 |   0.0 | 228.0
               +-------+-------+-------+-------+-------+----------------------

Table legend:
 A = Kills in this place as a percentage of kills in entire the game.
 B = Kills by you in this place as a percentage of kills by you in the entire game.
 C = Kills by friends in this place as a percentage of kills by friends in the entire game.
 D = Other kills in this place as a percentage of other kills in the entire game.
 E = Experience gained in this place as a percentage of experience gained in the entire game.
 F = Experience gained in this place divided by the number of levels of this place that you have seen.
                   A       B       C       D       E      F
               +-------+-------+-------+-------+-------+----------------------
         Total | 100.0 | 100.0 | 100.0 | 100.0 | 100.0 | 3716.9
       Dungeon |  57.3 |  55.0 |  95.5 |  50.0 |  34.8 | 1939.6
  Orcish Mines |  24.1 |  25.5 |   4.5 |   0.0 |  18.8 | 7330.0
   Elven Halls |  14.9 |  15.6 |   0.0 |  50.0 |  45.0 | 11713.7
     Labyrinth |   0.3 |   0.3 |   0.0 |   0.0 |   1.3 | 1048.0
         Sewer |   3.4 |   3.7 |   0.0 |   0.0 |   0.1 |  51.0
               +-------+-------+-------+-------+-------+----------------------

Vault maps used:
D:1:      shiori_arrival_oz
D:2:      lemuel_crystal_altar, st_stairs_11
D:3:      marbit_many_paths, first_ration, minmay_splitting_lines
D:4:      kiku_gazebo_garden_becter, led_sif_pool,
          minmay_temple_entry_junction_2, uniq_menkaure
D:5:      gup_sewer_entry_spiral
D:6:      old_standard_altar, makhleb_grotto_becter, serial_shops, shop
D:7:      old_standard_altar
D:8:      lemuel_castle_with_subvaults, lemuel_doored_altar
D:9:      okawaru_gym_becter, minitemple, basic_altar, serial_shops, shop
D:10:     david_lair_generic
D:11:     minmay_sliced_demisemicircle, orc_david_3, hangedman_pestilent_swarm,
          nicolae_benzene_ring
D:12:     lab_entry_generic
D:13:     grunt_vaults_entry_tiered
D:14:     minivault_24
Orc:1:    serial_shops, shop, statue_in_the_mist_lemuel, bloody_trog, uniq_urug
Orc:2:    grunt_orc_cross, basic_altar, serial_shops, nicolae_shop_statue_plus,
          bh_open_orc_temple
Elf:1:    eino_elf_arrival_shootout, hangedman_elf_represent
Elf:2:    serial_shops, shop, uniq_donald
Elf:3:    elf_hall_gauntlet_wide, st_stairs_12
Lab:      labyrinth_mini_lab, lab_block
Sewer:    sewer_co_cracked_pipes
